 Dungeon Crawl Stone Soup version 0.29.1-15-g9cfb28693d (webtiles) character file.

Game seed: 9186888168105752439

217740 112233 the Spry (level 19, -20/155 HPs)
             Began as a Human Necromancer on Feb 28, 2023.
             Was an Initiate of Gozag.
             Killed from afar by Nikola (63 damage)
             ... with an arc of chain lightning
             ... on level 1 of the Swamp.
             The game lasted 01:34:53 (49781 turns).

112233 the Spry (Human Necromancer)                Turns: 49781, Time: 01:34:53

Health: -20/155    AC: 15    Str: 26    XL:     19   Next: 83%
Magic:  16/45      EV: 19    Int: 21    God:    Gozag
Gold:   1659       SH:  0    Dex: 14    Spells: 7/45 levels left

rFire   + . .      SeeInvis .   a - +8 arbalest of the Sky {venom, Str+2}
rCold   + . .      Faith    .   (shield currently unavailable)
rNeg    . . .      Spirit   .   l - +6 leather armour of the Slug {*Slow rF+ Str+4}
rPois   +          Reflect  .   V - +1 helmet of Dis Tuinib {rPois Regen+ MP+9 Int-4}
rElec   .          Harm     .   (no cloak)
rCorr   .          Rampage  .   y - +0 pair of gloves
Will    +....                   d - +1 pair of boots
Stlth   +.........              o - amulet of Pamarchei {Regen+ Str+4 Slay+3}
HPRegen 1.95/turn               z - ring of Kuvucud {rPois rC+ Slay+3}
MPRegen 0.29/turn               r - ring "Puxyilaz" {Str+6 Int+3}

@: portalling projectiles, forested, gold aura, studying Axes, very slow
A: no striking features
}: 1/15 runes: serpentine
a: Renounce Religion, Potion Petition, Call Merchant, Bribe Branch


You were on level 1 of the Swamp.
You worshipped Gozag.
Gozag was most pleased with you.
You visited 7 branches of the dungeon, and saw 31 of its levels.
You visited 1 bazaar.
You also visited: Gauntlet.

You collected 14239 gold pieces.
You spent 4658 gold pieces at shops.
You paid 7922 gold pieces to Gozag.

Inventory:

Hand Weapons
 a - the +8 arbalest of the Sky (weapon) {venom, Str+2}
   (You bought it in a shop on level 2 of the Orcish Mines)

   Any ammunition fired from it poisons the flesh of those it strikes.
   Str:       It affects your strength (+2).
Missiles
 O - 3 throwing nets
Armour
 d - a +1 pair of boots (worn)
 l - the +6 leather armour of the Slug (worn) {*Slow rF+ Str+4}
   (You took it off a goblin on level 3 of the Dungeon)

   Str:       It affects your strength (+4).
   rF:        It protects you from fire.
   *Slow:     It may slow you when you take damage.
 y - a +0 pair of gloves (worn)
 V - the +1 helmet of Dis Tuinib (worn) {rPois Regen+ MP+9 Int-4}
   (You found it on level 3 of the Elven Halls)

   Int:       It affects your intelligence (-4).
   rPois:     It protects you from poison.
   MP:        It affects your magic capacity (+9).
   Regen:     It increases your rate of health regeneration.
 Y - the +2 helmet "Orchoovia" {Str+4 Stlth+}
   (You found it on level 1 of the Snake Pit)

   Str:       It affects your strength (+4).
   Stlth:     It makes you more stealthy.
Jewellery
 m - the ring "Zofoont" {rC+ Str+4}
   (You found it on level 9 of the Dungeon)

   [ring of protection from cold]

   Str:       It affects your strength (+4).
   rC:        It protects you from cold.
 o - the amulet of Pamarchei (around neck) {Regen+ Str+4 Slay+3}
   (You took it off a deep elf zephyrmancer on level 3 of the Elven Halls)

   [amulet of regeneration]

   Str:       It affects your strength (+4).
   Slay:      It affects your accuracy & damage with ranged weapons and melee
   (+3).
   Regen:     It increases your rate of health regeneration.
 r - the ring "Puxyilaz" (right hand) {Str+6 Int+3}
   (You found it in a Gauntlet)

   [ring of strength]

   Str:       It affects your strength (+6).
   Int:       It affects your intelligence (+3).
 t - a ring of resist corrosion
 z - the ring of Kuvucud (left hand) {rPois rC+ Slay+3}
   (You acquired it on level 1 of the Lair of Beasts)

   [ring of protection from cold]

   Slay:      It affects your accuracy & damage with ranged weapons and melee
   (+3).
   rC:        It protects you from cold.
   rPois:     It protects you from poison.
 A - the amulet of Okawaru, Supporting {RegenMP rC++ Int+2 Stlth+}
   (You took it off a minotaur in a Gauntlet)

   [amulet of magic regeneration]

   It increases your rate of magic regeneration.
   Int:       It affects your intelligence (+2).
   rC:        It greatly protects you from cold.
   Stlth:     It makes you more stealthy.
 P - the ring "Suthrysch" {Wiz rCorr}
   (You found it on level 3 of the Elven Halls)

   [ring of wizardry]

   It improves your spell success rate.
   rCorr:     It protects you from acid and corrosion.
Wands
 c - a wand of mindburst (7)
 E - a wand of flame (46)
 I - a wand of digging (8)
 J - a wand of paralysis (47)
 X - a wand of quicksilver (15)
Scrolls
 f - 11 scrolls of teleportation
 g - 4 scrolls of vulnerability
 h - 12 scrolls of identify
 j - 2 scrolls of brand weapon
 k - 3 scrolls of blinking
 n - 9 scrolls of enchant weapon
 q - 6 scrolls of poison
 C - a scroll of amnesia
 D - 3 scrolls of enchant armour
 H - 4 scrolls of fear
 L - 8 scrolls of magic mapping
 Q - 4 scrolls of butterflies
 R - 3 scrolls of immolation
 T - 2 scrolls of torment
Potions
 b - 4 potions of might
 i - 3 potions of invisibility
 p - 6 potions of mutation
 s - 8 potions of resistance
 u - 10 potions of flight
 v - 7 potions of lignification
 w - 4 potions of magic
 x - 5 potions of attraction
 B - 5 potions of brilliance
 F - 3 potions of berserk rage
 G - 6 potions of haste
 K - 13 potions of curing
 N - 2 potions of cancellation
 S - 5 potions of heal wounds
Miscellaneous
 e - a phantom mirror
 M - a tin of tremorstones (2/2)
 U - a lightning rod (4/4)
 W - a box of beasts
 Z - a condenser vane


   Skills:
 + Level 15.3 Fighting
 * Level 12.2 Ranged Weapons
 - Level 5.9 Armour
 + Level 15.5 Dodging
 - Level 2.0 Stealth
 + Level 13.6 Spellcasting
 + Level 8.4 Summonings
 - Level 13.3 Necromancy
 + Level 10.0 Translocations
 + Level 5.0 Earth Magic


You had 7 spell levels left.
You knew the following spells:

 Your Spells              Type           Power      Damage    Failure   Level
a - Borgnjor's Vile Clut  Necr/Erth      26%        N/A       3%          5
b - Vampiric Draining     Necr           63%        2d10      1%          3
c - Portal Projectile     Hex/Tloc       70%        N/A       1%          3
d - Summon Forest         Summ/Tloc      26%        N/A       3%          5
e - Passwall              Tmut/Erth      20%        N/A       2%          2
f - Necrotise             Necr           100%       1d9       1%          1
g - Apportation           Tloc           100%       N/A       1%          1
h - Haunt                 Necr/Summ      28%        N/A       43%         7
i - Statue Form           Tmut/Erth      16%        N/A       95%         6
j - Agony                 Necr           63%        N/A       1%          5

Your spell library contained the following spells:

 Spells                   Type           Power      Damage    Failure   Level
 Call Imp                 Summ           49%        N/A       1%          2
 Call Canine Familiar     Summ           49%        N/A       1%          3
 Gell's Gravitas          Tloc           54%        N/A       1%          3
 Teleport Other           Tloc           54%        N/A       1%          3
 Animate Armour           Summ/Erth      84%        N/A       3%          4
 Foxfire                  Conj/Fire      56%        2x1d6     4%          1
 Freeze                   Ice            56%        1d7       4%          1
 Magic Dart               Conj           56%        1d5       4%          1
 Ensorcelled Hibernation  Hex/Ice        28%        N/A       8%          2
 Poisonous Vapours        Pois/Air       28%        N/A       8%          2
 Dispersal                Tloc           27%        N/A       12%         6
 Confusing Touch          Hex            14%        N/A       16%         3
 Conjure Flame            Conj/Fire      14%        6-21      16%         3
 Ignite Poison            Fire/Tmut/Pois 14%        N/A       16%         3
 Inner Flame              Hex/Fire       14%        N/A       16%         3
 Mephitic Cloud           Conj/Pois/Air  14%        N/A       16%         3
 Spider Form              Tmut/Pois      14%        N/A       16%         3
 Swiftness                Air            14%        N/A       16%         3
 Tukima's Dance           Hex            14%        N/A       16%         3
 Leda's Liquefaction      Hex/Erth       12%        N/A       17%         4
 Petrify                  Tmut/Erth      24%        N/A       17%         4
 Lee's Rapid Deconstruct  Erth           17%        3d12*     17%         5
 Summon Mana Viper        Hex/Summ       32%        N/A       24%         5
 Summon Cactus Giant      Summ           24%        N/A       24%         6
 Cause Fear               Hex            7%         N/A       45%         4
 Flame Wave               Conj/Fire      14%        2d6       45%         4
 Hailstorm                Conj/Ice       14%        3d5       45%         4
 Olgreb's Toxic Radiance  Pois           14%        N/A       45%         4
 Sticky Flame             Conj/Fire      14%        2d4       45%         4
 Alistair's Intoxication  Tmut/Pois      9%         N/A       80%         5
 Blade Hands              Tmut           7%         N/A       80%         5
 Freezing Cloud           Conj/Ice/Air   7%         6-21      80%         5
 Irradiate                Conj/Tmut      7%         3d14      80%         5
 Metabolic Englaciation   Hex/Ice        7%         N/A       80%         5
 Iron Shot                Conj/Erth      12%        9d3       95%         6
 Eringya's Noxious Bog    Tmut/Pois      7%         N/A       100%        6
 Dragon Form              Tmut           7%         N/A       100%        7
 Ozocubu's Refrigeration  Ice            7%         4d9       100%        7
 Animate Dead             Necr           Unusable   N/A       N/A         4
 Corpse Rot               Necr/Pois/Air  Unusable   N/A       N/A         4

Dungeon Overview and Level Annotations

Branches:
Dungeon (15/15)            Temple (1/1) D:5            Lair (5/5) D:10
  Swamp (1/4) Lair:2        Snake (4/4) Lair:2        Slime (0/5) Lair:4
    Orc (2/2) D:11            Elf (3/3) Orc:2        Vaults (0/5) D:14
 Depths (0/4) D:15        Gauntlet (visited)

Altars:
Ashenzari
Cheibriados
Dithmenos
Elyvilon
Fedhas
Gozag
Hepliaklqana
Kikubaaqudgha
Makhleb
Nemelex Xobeh
Okawaru
Qazlal
Ru
Sif Muna
Trog
Uskayaw
Vehumet
Wu Jian
Xom
Yredelemnul
Zin
The Shining One
Jiyva

Shops:
D:5 [   D:11 **   D:13 (   Orc:2 (?!!

Annotations:
D:5 exclusion: 2 downstairs
D:6 exclusion: downstairs
D:9 exclusion: downstairs
D:11 2 runed translucent doors, exclusion: upstairs, Cape's ghost, journeyman OgCj
D:12 exclusion: downstairs
Lair:4 exclusion: downstairs
Swamp:1 Nikola
Snake:1 2 transporters, Voland's ghost, journeyman TeAE
Snake:3 exclusion: downstairs
Elf:2 4 runed translucent doors


Message History

Aim: Nikola, wielding a +2 rapier of electrocution, wearing a +0 cloak and wearing a +0 pair of gloves (heavily wounded, very poisoned, ally target, 83% to hit)
You magically shoot a bolt.
The bolt hits Nikola!!
Nikola looks as sick as possible!
Nikola is heavily wounded.
You feel roots moving beneath the ground.
A root smacks Nikola from below!
Your dryad hits Nikola.
Nikola casts a spell.
Lightning arcs from Nikola's hands!
The bolt of lightning hits your dryad!!!!
Your dryad dies!
Your dryad's corpse disappears in a puff of smoke!
The forest abruptly stops moving.
A bolt of lightning appears from out of thin air!
The bolt of lightning hits Nikola.
Nikola shouts!
The bolt of lightning hits you!!
You hear a shout! x2
Unknown command.
Fire: a) +8 arbalest of the Sky {venom, Str+2}
Press: ? - help, Q - select action, (/) - cycle Shift-Dir - straight line, f/p - Nikola
Aim: Nikola, wielding a +2 rapier of electrocution, wearing a +0 cloak and wearing a +0 pair of gloves (severely wounded, extremely poisoned, 83% to hit)
You magically shoot a bolt.
The bolt hits Nikola!!
Nikola is severely wounded.
Nikola casts a spell at you. The bolt of lightning hits you!!!
The mangrove smoulders and burns.
Fire: a) +8 arbalest of the Sky {venom, Str+2}
Press: ? - help, Q - select action, (/) - cycle Shift-Dir - straight line, f/p - Nikola
Aim: Nikola, wielding a +2 rapier of electrocution, wearing a +0 cloak and wearing a +0 pair of gloves (severely wounded, extremely poisoned, 83% to hit)
You magically shoot a bolt.
The bolt hits Nikola!!
Nikola looks as sick as possible!
Nikola is almost dead.
Nikola gestures wildly while chanting.
Lightning arcs from Nikola's hands!
The bolt of lightning hits you!!!
* * * LOW HITPOINT WARNING * * *
A bolt of lightning appears from out of thin air!
The bolt of lightning hits Nikola.
Nikola casts a spell.
Lightning arcs from Nikola's hands!
The bolt of lightning hits you!!!
You die...
Your body crumbles into a pile of gold.

.≈~~~.♣♣♣<.♣
...~.......♣ ~.
.~.~~~~~§.♣♣ ..~♣
~~...~~)..♣♣♣♣ ♣...~
~~.~~~~~~♣♣♣.♣♣^♣..~
.~~~~~§~$♣~.§♣.~....
.~~~.~....♣..♣.§~~~~
~~...~~~.....~....~.
.~~.~~~~~...@~.♣...
§..[......♣♣@♣.$$~~~
..♣~........$$~.....
........#♣♣.~♣♣~..
..♣#. .w♣ ~. #. :..~
. # ...~~ ~.~...
$.~~..


You could see Nikola (extremely poisoned) and a tyrant leech.

Vanquished Creatures
  Vashnia (Snake:4)
  Jorgrun (Elf:2)
  2 deep elf blademasters (Elf:3)
  2 deep elf master archers (Elf:3)
  Frances (D:13)
  Roxanne (Snake:4)
  7 nagarajas (Snake:4)
  Louise (Swamp:1)
  3 deep elf sorcerers (Elf:3)
  Aizul (Snake:4)
  2 deep elf elementalists
  4 deep elf demonologists (Elf:3)
  Nessos (Orc:2)
  A minotaur (Gauntlet)
  A dire elephant (Lair:5)
  3 deep elf annihilators (Elf:3)
  4 deep elf death magi
  2 ettins
  3 deep elf high priests
  Erolcha (Orc:2)
  3 fire dragons
  A rakshasa (D:15)
  2 salamander tyrants (Snake:4)
  2 boulder beetles
  8 hydras
  8 centaur warriors
  5 anacondas
  A catoblepas (Lair:5)
  4 two-headed ogres
  13 dancing weapons
  An alligator (Swamp:1)
  Erica (D:8)
  A tengu warrior (D:14)
  16 naga warriors
  A deep troll shaman (Lair:5)
  8 death yaks
  6 spriggan berserkers (Elf:3)
  11 naga sharpshooters
  8 shock serpents
  6 deep elf knights
  4 skeletal warriors
  A large abomination (Elf:1)
  2 salamander mystics (Snake:4)
  A spriggan druid (Swamp:1)
  Lodul (D:13)
  3 deep trolls (D:15)
  2 goliath frogs (Swamp:1)
  A phantasmal warrior (D:14)
  4 naga ritualists
  10 deep elf archers
  2 orc knights
  24 deep elf pyromancers
  17 deep elf zephyrmancers
  14 salamanders
  4 necromancers
  3 mana vipers
  4 orc sorcerers
  An oklob plant (Lair:4)
  3 ugly things (D:14)
  14 elephants (Lair:5)
  4 cyclopes
  21 black mambas
  Joseph (Lair:1)
  7 manticores
  A guardian serpent (shapeshifter) (D:13)
  A molten gargoyle (Lair:4)
  A torpor snail (Lair:4)
  A cane toad (shapeshifter) (D:14)
  11 naga magi
  5 guardian serpents
  2 gargoyles
  7 cane toads
  An unseen horror (shapeshifter) (D:14)
  12 rime drakes
  A rime drake (shapeshifter) (Elf:1)
  2 efreet (D:14)
  2 freezing wraiths
  12 komodo dragons
  9 trolls
  6 meliai
  2 slime creatures (D:14)
  A tarantella (shapeshifter) (D:14)
  6 polar bears
  A tyrant leech (Lair:2)
  15 blink frogs
  2 hornets
  3 spriggans
  9 water elementals
  A vampire (D:7)
  3 air elementals
  2 wraiths
  A hog (shapeshifter) (D:13)
  67 yaks
  5 basilisks
  A hog (Snake:1)
  5 wyverns
  12 steam dragons
  2 fire elementals
  2 vampire mosquitoes (Lair:2)
  3 swamp worms
  Edmund (D:6)
  28 nagas
  An acid dragon (D:14)
  22 water moccasins
  Duvessa (D:6)
  A floating eye (Gauntlet)
  A swamp drake (Swamp:1)
  34 orc warriors
  A sky beast (D:7)
  An ice beast (D:6)
  4 black bears
  15 ogres
  28 centaurs
  50 wolves
  A phantom (D:6)
  4 elf zombies (Elf:1)
  Blork the orc (D:5)
  2 kobold brigands (D:7)
  15 bullfrogs
  3 scorpions
  A necrophage (D:7)
  3 earth elementals
  16 wights
  Dowan (D:6)
  6 killer bees
  A howler monkey (D:12)
  5 electric eels (D:13)
  14 orc priests
  6 jellies
  8 orc wizards
  2 iguanas
  2 hell rats (Lair:2)
  A mummy (D:7)
  8 adders
  6 river rats (Lair:2)
  4 ufetubi
  2 worms (D:2)
  2 dart slugs (D:3)
  62 orcs
  15 endoplasms
  A giant cockroach (D:2)
  13 goblins
  18 hobgoblins
  3 jackals (D:1)
  14 kobolds
  5 quokkas
  5 ball pythons
  5 bats
  2 frilled lizards
  7 rats
  A fire vortex (Lair:4)
966 creatures vanquished.

Vanquished Creatures (collateral kills)
  Saint Roka (Elf:2)
  2 centaur warriors (D:14)
  A naga warrior (Snake:1)
  2 naga sharpshooters (Snake:4)
  2 orc knights
  A mana viper (Snake:3)
  A black mamba (shapeshifter) (D:14)
  A troll (Elf:2)
  A naga (Snake:3)
  2 swamp worms (Swamp:1)
  4 orc warriors
  2 centaurs
  An orc priest (Orc:2)
  A dart slug (D:1)
  2 orcs
  A hobgoblin (D:3)
  A rat (D:1)
26 creatures vanquished.

Vanquished Creatures (others)
  A deep elf demonologist (Elf:3)
  A deep elf knight (Elf:3)
  An orc warrior (Elf:2)
  A hornet simulacrum (D:14)
  An orc (Orc:2)
  45 fungi
  95 plants
  2 snaplasher vines (Snake:4)
147 creatures vanquished.

Grand Total: 1139 creatures vanquished

Notes
Turn   | Place    | Note
-------+----------+-------------------------------------------
     0 | D:1      | 112233 the Human Necromancer began the quest for the Orb.
     0 | D:1      | Reached XP level 1. HP: 13/13 MP: 3/3
   254 | D:3      | Reached XP level 2. HP: 19/19 MP: 1/5
   684 | D:3      | Reached XP level 3. HP: 24/24 MP: 2/7
   688 | D:3      | Learned a level 3 spell: Vampiric Draining
   978 | D:3      | Found a faded altar of an unknown god.
  1142 | D:3      | Identified the +6 leather armour of the Slug {*Slow rF+
                  | Str+4}
  1512 | D:3      | Reached XP level 4. HP: 26/30 MP: 1/9
  1831 | D:3      | Identified the amulet of Life {Regen+ Dex+4}
  1949 | D:3      | Found a hazy altar of Hepliaklqana.
  2297 | D:4      | Reached XP level 5. HP: 23/35 MP: 8/11
  2906 | D:4      | Noticed a yak
  2938 | D:4      | Killed a yak
  2939 | D:4      | Reached skill level 1 in Fighting
  2939 | D:4      | Reached XP level 6. HP: 9/43 MP: 9/13
  3509 | D:2      | Reached skill level 5 in Spellcasting
  3783 | D:2      | Identified the +7 sling of the Special Knives {venom, rC-
                  | Will+ Str+5}
  5545 | D:4      | Learned a level 4 spell: Animate Dead
  5553 | D:5      | Entered Level 5 of the Dungeon
  5596 | D:5      | Found a staircase to the Ecumenical Temple.
  5604 | D:5      | Reached XP level 7. HP: 50/50 MP: 14/14
  5608 | Temple   | Entered the Ecumenical Temple
  5735 | Temple   | Became a worshipper of Gozag Ym Sagoz the Greedy
  5948 | D:5      | Found a burning altar of Makhleb.
  6048 | D:5      | Reached skill level 5 in Necromancy
  6168 | D:5      | Noticed Blork the orc
  6172 | D:5      | Killed Blork the orc
  6334 | D:5      | Found a bloodstained altar of Trog.
  6359 | D:5      | Reached XP level 8. HP: 58/58 MP: 16/16
  6378 | D:5      | Found Fydazenn's Armour Boutique.
  6387 | D:5      | Bought a +0 helmet for 58 gold pieces
  6459 | D:6      | Found an ancient bone altar of Kikubaaqudgha.
  6502 | D:6      | Found a broken altar of Ashenzari.
  6507 | D:6      | Noticed Duvessa
  6515 | D:6      | Killed Duvessa
  6745 | D:6      | Found a stormy altar of Qazlal.
  6763 | D:6      | Noticed Dowan
  6771 | D:6      | Killed Dowan
  6813 | D:6      | Noticed Edmund
  6939 | D:5      | Reached skill level 5 in Dodging
  7009 | D:6      | Reached XP level 9. HP: 65/66 MP: 18/18
  7022 | D:6      | Killed Edmund
  7280 | D:6      | Found a shimmering altar of Xom.
  7282 | D:6      | Found a hide-covered altar of Uskayaw.
  7282 | D:6      | Found a blossoming altar of Fedhas.
  7284 | D:6      | Found a shimmering altar of Xom.
  7284 | D:6      | Found a glowing silver altar of Zin.
  7284 | D:6      | Found a stormy altar of Qazlal.
  7541 | D:6      | Found a sparkling altar of Nemelex Xobeh.
  7582 | D:6      | Reached skill level 5 in Fighting
  7882 | D:7      | Found a snail-covered altar of Cheibriados.
  8054 | D:7      | Reached skill level 1 in Ranged Weapons
  8493 | D:8      | Reached XP level 10. HP: 76/76 MP: 20/20
  8972 | D:8      | Learned a level 5 spell: Agony
  9038 | D:8      | Noticed Erica
  9064 | D:8      | Killed Erica
  9136 | D:8      | Found Zin's Purification Station.
  9139 | D:8      | Found a glowing silver altar of Zin.
  9144 | D:8      | Bought a potion of curing for 90 gold pieces
  9814 | D:9      | Reached XP level 11. HP: 84/84 MP: 23/23
  9864 | D:9      | Noticed a boulder beetle
  9947 | D:10     | Entered Level 10 of the Dungeon
 10164 | D:9      | Identified the ring "Zofoont" {rC+ Str+4}
 10220 | D:10     | Learned a level 2 spell: Passwall
 10232 | D:10     | Noticed a skeletal warrior
 10289 | D:10     | Got the Vademecum on Terrestrial Hypothermia
 10296 | D:10     | Learned a level 5 spell: Borgnjor's Vile Clutch
 10327 | D:10     | Reached skill level 5 in Ranged Weapons
 10455 | D:10     | Found a blossoming altar of Fedhas.
 10492 | D:10     | Learned a level 1 spell: Apportation
 10513 | D:11     | Noticed a two-headed ogre
 10523 | D:11     | Killed a two-headed ogre
 10810 | D:11     | Found a staircase to the Orcish Mines.
 10900 | D:11     | Noticed a two-headed ogre
 10906 | D:11     | Killed a two-headed ogre
 11080 | D:11     | Noticed a two-headed ogre
 11120 | D:11     | Killed a two-headed ogre
 11121 | D:11     | Reached XP level 12. HP: 73/93 MP: 1/25
 11365 | D:11     | Found Tataarera's General Store.
 11387 | D:11     | Found Nupuceil's Specific Store.
 11395 | D:11     | Bought a ring of wizardry for 450 gold pieces
 11395 | D:11     | Bought a scroll of summoning for 142 gold pieces
 11395 | D:11     | Bought a scroll of identify for 30 gold pieces
 11785 | D:11     | Found a large runed translucent door.
 11785 | D:11     | Found a large runed translucent door.
 11787 | D:11     | Noticed Cape's ghost (journeyman OgCj)
 12883 | D:13     | Noticed a centaur warrior
 12893 | D:12     | Reached skill level 10 in Necromancy
 12969 | Orc:1    | Entered Level 1 of the Orcish Mines
 13349 | Orc:1    | Noticed Erolcha
 13610 | Orc:2    | Entered Level 2 of the Orcish Mines
 13679 | Orc:2    | Killed Erolcha
 13873 | Orc:2    | Noticed a centaur warrior
 13873 | Orc:2    | Noticed Nessos
 13892 | Orc:1    | Reached XP level 13. HP: 75/101 MP: 0/26
 14161 | D:10     | Found a staircase to the Lair.
 14256 | Lair:1   | Entered Level 1 of the Lair of Beasts
 14262 | Lair:1   | Noticed Joseph
 14430 | D:10     | Reached skill level 10 in Spellcasting
 14585 | Lair:1   | Killed Joseph
 14646 | Lair:1   | Reached skill level 10 in Dodging
 15067 | D:10     | Found a shadowy altar of Dithmenos.
 15471 | Lair:1   | Reached skill level 10 in Fighting
 15735 | Lair:1   | Reached skill level 1 in Earth Magic
 15902 | Lair:1   | Identified a scroll of acquirement
 15905 | Lair:1   | Acquired the ring of Kuvucud {rPois rC+ Slay+3}
 16484 | Lair:2   | Noticed an eight-headed hydra
 16592 | Lair:2   | Killed an eight-headed hydra
 16843 | Lair:2   | Found a staircase to the Snake Pit.
 17297 | Lair:2   | Noticed a boulder beetle
 17360 | Lair:2   | Killed a boulder beetle
 17800 | Lair:2   | Found a staircase to the Swamp.
 17902 | Lair:2   | Got the Teachings on the Ghastly Blizzard
 18294 | Lair:3   | Found a sparkling altar of Nemelex Xobeh.
 18439 | Lair:3   | Reached XP level 14. HP: 95/111 MP: 8/28
 19916 | Lair:4   | Found a viscous altar of Jiyva.
 19944 | Lair:4   | Found a staircase to the Slime Pits.
 21080 | Lair:5   | Entered Level 5 of the Lair of Beasts
 21287 | D:10     | Learned a level 7 spell: Haunt
 21340 | D:10     | Found an ornate altar of the Wu Jian Council.
 22868 | Orc:2    | Killed Nessos
 23183 | Orc:2    | Found a staircase to the Elven Halls.
 23531 | Orc:2    | Found Wicifivo's Distillery.
 23531 | Orc:2    | Found Ostiabra's Magic Scroll Shop.
 23533 | Orc:2    | Found Ficoacosch's Antique Weapon Boutique.
 23535 | Orc:2    | Found Kiqe's Distillery.
 23554 | Orc:2    | Bought a scroll of acquirement for 624 gold pieces
 23561 | Orc:2    | Acquired 899 gold pieces
 23563 | Orc:2    | Bought a scroll of teleportation for 36 gold pieces
 23563 | Orc:2    | Bought a scroll of magic mapping for 90 gold pieces
 23563 | Orc:2    | Bought a scroll of teleportation for 36 gold pieces
 23563 | Orc:2    | Bought 2 scrolls of teleportation for 72 gold pieces
 23564 | Orc:2    | Bought a potion of heal wounds for 65 gold pieces
 23564 | Orc:2    | Bought a potion of curing for 39 gold pieces
 23566 | Orc:2    | Bought a potion of mutation for 112 gold pieces
 23566 | Orc:2    | Bought a potion of invisibility for 112 gold pieces
 23566 | Orc:2    | Bought a potion of curing for 42 gold pieces
 23566 | Orc:2    | Bought a potion of magic for 112 gold pieces
 23575 | Orc:2    | Bought a bloodstained arbalest for 351 gold pieces
 23575 | Orc:2    | Identified the +8 arbalest of the Sky {venom, Str+2} (You
                  | bought it in a shop on level 2 of the Orcish Mines)
 24630 | D:13     | Found Misav's Weapon Emporium.
 24650 | D:13     | Noticed Frances
 24665 | D:13     | Killed Frances
 24847 | D:13     | Reached XP level 15. HP: 120/120 MP: 26/30
 24850 | D:13     | Noticed Lodul
 24854 | D:13     | Killed Lodul
 25532 | D:14     | Found a gate leading to a gauntlet.
 25535 | Gauntlet | Entered a Gauntlet
 25535 | Gauntlet | Found a transporter.
 25535 | Gauntlet | Found a transporter.
 25544 | Gauntlet | Found a transporter.
 25547 | Gauntlet | Found a transporter.
 25556 | Gauntlet | Found a transporter.
 25559 | Gauntlet | Found a transporter.
 25567 | Gauntlet | Found a transporter.
 25584 | Gauntlet | Found a transporter.
 25598 | Gauntlet | Found a transporter.
 25602 | Gauntlet | Found a transporter.
 25613 | Gauntlet | Found a transporter.
 25614 | Gauntlet | Found a transporter.
 25680 | Gauntlet | Paralysed by a floating eye for 4 turns
 25688 | Gauntlet | Paralysed by a floating eye for 4 turns
 25732 | Gauntlet | Identified the ring "Puxyilaz" {Str+6 Int+3}
 25877 | Gauntlet | Learned a level 3 spell: Portal Projectile
 25880 | Gauntlet | Identified the amulet of Okawaru, Supporting {RegenMP rC++
                  | Int+2 Stlth+}
 26395 | Lair:4   | Reached skill level 1 in Armour
 28176 | Lair:5   | Reached XP level 16. HP: 129/129 MP: 32/32
 29032 | Elf:1    | Entered Level 1 of the Elven Halls
 29600 | Orc:2    | Learned a level 5 spell: Summon Forest
 29711 | Elf:1    | Reached skill level 1 in Translocations
 29715 | Elf:1    | Reached skill level 1 in Summonings
 30154 | Elf:1    | Paralysed by an air elemental for 1 turns
 30919 | Elf:1    | Paralysed by an air elemental for 1 turns
 30924 | Elf:1    | Paralysed by an air elemental for 1 turns
 31550 | Elf:2    | Paralysed by an air elemental for 1 turns
 31554 | Elf:2    | Paralysed by an air elemental for 1 turns
 31581 | Elf:2    | Noticed Saint Roka
 31791 | Elf:2    | Noticed Jorgrun
 31810 | Elf:2    | Killed Jorgrun
 31815 | Elf:2    | HP: 6/131 [troll[Saint Roka] (3)]
 31815 | Elf:2    | HP: 2/131 [troll[Saint Roka] (4)]
 31836 | Elf:3    | Entered Level 3 of the Elven Halls
 32018 | Elf:3    | Noticed a deep elf sorcerer
 32021 | Elf:3    | Killed a deep elf sorcerer
 32095 | Elf:3    | Found a flickering gateway to a bazaar.
 32104 | Bazaar   | Entered a bazaar
 32217 | Bazaar   | Found Ruog's Assorted Antiques.
 32255 | Bazaar   | Found Huschaxt's Assorted Antiques.
 32306 | Bazaar   | Found Valaf's Assorted Antiques.
 32314 | Bazaar   | Bought a scroll labelled YRUWNI VELETZI for 24 gold pieces
 32314 | Bazaar   | Bought a potion of curing for 72 gold pieces
 32363 | Bazaar   | Found Puygeywn's Jewellery Shoppe.
 32693 | Bazaar   | Bought a scroll of teleportation for 66 gold pieces
 32693 | Bazaar   | Bought a scroll of fear for 88 gold pieces
 32693 | Bazaar   | Bought a fizzy silvery potion for 19 gold pieces
 32729 | Bazaar   | Bought a box of beasts for 760 gold pieces
 32729 | Bazaar   | Bought a potion of curing for 57 gold pieces
 32729 | Bazaar   | Bought a condenser vane for 760 gold pieces
 32782 | Bazaar   | Bought a scroll of magic mapping for 142 gold pieces
 32782 | Bazaar   | Bought a potion of invisibility for 152 gold pieces
 32919 | Bazaar   | Bought a potion of lignification for 57 gold pieces
 33331 | Elf:3    | Reached XP level 17. HP: 113/137 MP: 22/34
 34101 | Elf:2    | Found a large runed translucent door.
 34101 | Elf:2    | Found a large runed translucent door.
 34132 | Elf:2    | Found a large runed translucent door.
 34132 | Elf:2    | Found a large runed translucent door.
 35219 | Elf:2    | Killed Saint Roka
 35786 | D:14     | Reached skill level 5 in Translocations
 36140 | D:14     | Reached skill level 5 in Summonings
 36791 | D:14     | Found a gate to the Vaults.
 37234 | D:14     | Reached skill level 10 in Ranged Weapons
 37678 | D:15     | Entered Level 15 of the Dungeon
 38377 | D:15     | Found the +4 robe of Folly {Brilliance Will-∞ Int+8}
 38765 | D:15     | Found a staircase to the Depths.
 38845 | D:15     | Reached XP level 18. HP: 94/146 MP: 16/35
 40279 | Elf:3    | Found a bloodstained altar of Trog.
 40473 | Elf:3    | Identified the +8 dagger of Xyduam {elec, rF+}
 40941 | Elf:3    | Identified the amulet of Pamarchei {Regen+ Str+4 Slay+3}
 40945 | Elf:3    | Noticed a deep elf blademaster
 41069 | Elf:3    | Killed a deep elf blademaster
 41255 | Elf:3    | Noticed a deep elf master archer
 41265 | Elf:3    | Reached skill level 5 in Armour
 41265 | Elf:3    | Killed a deep elf master archer
 41327 | Elf:3    | Identified the +1 helmet of Dis Tuinib {rPois Regen+ MP+9
                  | Int-4}
 41332 | Elf:3    | Identified the ring "Suthrysch" {Wiz rCorr}
 41335 | Elf:3    | Identified the +7 rapier of Makhleb's Wrath {drain, Will+
                  | Str+4}
 41339 | Elf:3    | Got the Catalogue of Spellbinding and Combustion
 41341 | Elf:3    | Identified the +3 longbow of the Fox {freeze, rF+ rC+}
 41432 | Elf:3    | Identified the +3 dire flail of Ashenzari's Pride {flame,
                  | *Rage Str+6}
 41439 | Elf:3    | Noticed a deep elf blademaster
 41443 | Elf:3    | Noticed a deep elf master archer
 41447 | Elf:3    | Killed a deep elf blademaster
 41453 | Elf:3    | Killed a deep elf master archer
 41703 | Elf:3    | Got the Spellbook of the Unclean Glacier
 41709 | Elf:3    | Got Ceprattu's Secrets of Toxins
 41725 | Elf:3    | Identified the +1 scale mail of the Dozen Gods {Regen+
                  | Int+3}
 42153 | Snake:1  | Entered Level 1 of the Snake Pit
 42576 | Snake:1  | Found a transporter.
 42585 | Snake:1  | Found a transporter.
 42586 | Snake:1  | Noticed Voland's ghost (journeyman TeAE)
 42689 | Snake:1  | Identified the +2 helmet "Orchoovia" {Str+4 Stlth+}
 44023 | Snake:2  | You fall into a shaft and drop 1 floor!
 45513 | Snake:3  | Found a shimmering blue altar of Sif Muna.
 45566 | Snake:4  | Entered Level 4 of the Snake Pit
 45582 | Snake:4  | Reached XP level 19. HP: 109/153 MP: 33/36
 45867 | Snake:4  | Noticed Roxanne
 46029 | Snake:4  | Noticed Vashnia
 46038 | Snake:4  | Reached skill level 15 in Dodging
 46435 | Snake:4  | Killed Vashnia
 47240 | Snake:4  | Reached skill level 15 in Fighting
 47385 | Snake:4  | Noticed Aizul
 47752 | Snake:4  | Killed Aizul
 49066 | Snake:4  | Got a serpentine rune of Zot
 49268 | Snake:4  | Killed Roxanne
 49335 | Snake:4  | Learned a level 6 spell: Statue Form
 49501 | Swamp:1  | Entered Level 1 of the Swamp
 49501 | Swamp:1  | Noticed Louise
 49513 | Swamp:1  | Reached skill level 10 in Translocations
 49598 | Swamp:1  | Killed Louise
 49599 | Swamp:1  | Reached skill level 5 in Earth Magic
 49768 | Swamp:1  | Noticed Nikola
 49781 | Swamp:1  | Killed from afar by Nikola

Illustrated notes

Levels and vault maps discovered:
D:1:      dpeg_arrival_simpleton_b, layout_basic
D:2:      layout_loops_corners
D:3:      layout_basic, nicolae_overflow_ecumenical_swirl,
          serial_bayou_lagoon_a, corexii_shack, minmay_misc_feat_square,
          hangedman_decor_push, grunt_ministairs_3,
          chequers_serial_rivers_room_b, minmay_door_square,
          minmay_goblin_outpost
D:4:      layout_basic, minmay_manual_mandibuliform
D:5:      layout_loops_ring, lightli_temple_of_fire, general_overflow_altar,
          minmay_temple_entry_junction, serial_shops, shop, uniq_blork_the_orc
D:6:      layout_gridville, ashenzari_conservatory_becter, doesnt_xom_only_xom,
          nicolae_kikubaaqudgha_miasma_corner, nemelex_spade_bored_becter,
          nicolae_overflow_crystal_walls, sigmund_army, uniq_edmund,
          uniq_duvessa
D:7:      layout_basic, slow_altar_1, supply_closet_lemuel
D:8:      layout_basic, zin_purify, minmay_misc_feat_iff, uniq_erica
D:9:      layout_small_grid, nicolae_two_hexagons
D:10:     layout_roguey, fedhas_altar_2, mainiacjoe_overflow_big_doors,
          dpeg_oklobed_lair
D:11:     layout_basic, david_orc_5, ebering_ghost_disaster_area,
          nicolae_specific_store
D:12:     layout_basic
D:13:     erik_rubicon_b, layout_rooms, serial_shops, nicolae_shop_statue_plus,
          uniq_lodul, uniq_frances
D:14:     minmay_the_grid_3x2 [minmay_the_grid_mess, minmay_the_grid_odd_star,
          minmay_the_grid_small_cups, minmay_the_grid_zigzag_pyramid,
          minmay_the_grid_broken_lines, minmay_the_grid_prize_big_room],
          layout_cross, david_vaults_4, gauntlet_entry_generic
D:15:     hangedman_depths_entry_civil_slaughter, layout_grid_maze,
          serial_bayou_shore_a
Temple:   nicolae_temple_figure_zero
Lair:1:   layout_small_grid, enter_volcano_2, beast_lair_carwin_9,
          lemuel_fruit_fields, uniq_joseph
Lair:2:   layout_layer_cave, minmay_swamp_entry_worms,
          minmay_snake_entry_six_corridors, kennysheep_rathole
Lair:3:   wander_river, layout_cave_pods, basic_altar
Lair:4:   dragon1_lemuel, layout_cave_shapes, minmay_slime_entry_oklob_enclosed,
          minivault_26, grunt_forest_large_clearings
Lair:5:   grunt_lair_end_beastmaster, layout_regular_city,
          bobbens_dragon_lair_wall, grunt_megastairs_1
Swamp:1:  layout_falls_marsh, evilmike_swamp_ruin_rubble_2, swamp_pool5,
          uniq_nikola, uniq_louise
Snake:1:  layout_onion, gammafunk_ghost_arena, nicolae_triple_integral,
          uniq_kirke
Snake:2:  layout_cave_pods, st_stairs_6, drop_trap, grunt_megastairs_2
Snake:3:  layout_gridlike, basic_altar
Snake:4:  snake_pit, layout_cave_shapes, uniq_vashnia, uniq_roxanne, uniq_aizul
Orc:1:    layout_caves, uniq_erolcha
Orc:2:    st_orc_rangers, layout_caves, uniq_nessos
Elf:1:    eino_elf_arrival_shootout, layout_loops_corners,
          minmay_elf_necromancy, minmay_misc_feat_pillars
Elf:2:    elven_hall_of_blades_hangedman_alternative
          [nicolae_blade_entry_splitting_headache], layout_geoelf_grid,
          uniq_saint_roka, uniq_jorgrun
Elf:3:    elf_hall_gauntlet_narrow, layout_loops_corners, serial_shops,
          bzr_firewalk, evilmike_spriggan_trog_shrine

Skill      XL: |  1  2  3  4  5  6  7  8  9 10 11 12 13 14 15 16 17 18 19 |
---------------+----------------------------------------------------------+-----
Spellcasting   | 3 4 5 6 7 8 9 10 11 12 13 | 13.6
Fighting       | 1 2 3 4 5 7 8 9 10 11 12 13 14 15 | 15.3
Dodging        | 3 5 6 7 8 9 10 12 13 14 15 | 15.5
Necromancy     | 5 6 7 8 9 10 11 12 13 | 13.3
Ranged Weapons | 1 4 6 7 8 9 10 11 12 | 12.2
Earth Magic    | 3 4 5 |  5.0
Armour         | 2 4 5 |  5.9
Translocations | 3 6 9 10 | 10.0
Summonings     | 3 5 7 8 |  8.4
Stealth        | |  2.0

Action                   |  1- 3 |  4- 6 |  7- 9 | 10-12 | 13-15 | 16-18 | 19-21 || total
-------------------------+-------+-------+-------+-------+-------+-------+-------++-------
Melee: Unarmed           |     2 |       |       |       |       |       |       ||     2
       Long sword        |       |    13 |       |       |       |       |       ||    13
       Sling             |       |       |       |    11 |       |       |       ||    11
       Punch             |       |       |       |     1 |       |       |       ||     1
 Fire: Sling             |       |    28 |   177 |   542 |   712 |       |       ||  1459
       Arbalest          |       |       |       |       |   341 |   672 |   278 ||  1291
Throw: Throwing net      |       |       |       |       |       |     1 |       ||     1
 Cast: Necrotise         |    74 |   100 |     9 |     2 |       |     1 |       ||   186
       Vampiric Draining |       |     6 |    35 |    88 |   246 |    60 |    22 ||   457
       Apportation       |       |       |       |       |    16 |     1 |       ||    17
       Borgnjor's Vile C |       |       |       |       |    11 |   148 |    65 ||   224
       Agony             |       |       |       |       |     1 |       |       ||     1
       Portal Projectile |       |       |       |       |       |   100 |    48 ||   148
       Summon Forest     |       |       |       |       |       |     5 |     8 ||    13
Invok: Potion Petition   |       |       |       |     1 |     4 |    12 |     3 ||    20
Evoke: Wand              |       |       |     6 |    13 |     8 |     4 |       ||    31
       Condenser vane    |       |       |       |       |       |     2 |     1 ||     3
       Box of beasts     |       |       |       |       |       |     1 |       ||     1
       Phantom mirror    |       |       |       |       |       |       |     1 ||     1
  Use: Potion            |       |     2 |       |     5 |     1 |     3 |     1 ||    12
       Scroll            |       |       |     1 |    12 |    16 |    14 |     5 ||    48
Armor: Robe              |     3 |    18 |       |       |       |       |       ||    21
       Leather armour    |       |     5 |    49 |   130 |   339 |   107 |    38 ||   668
Dodge: Dodged            |     5 |    51 |   107 |   322 |  1115 |   384 |   134 ||  2118
